 Dungeon Crawl Stone Soup version 0.20.0 (webtiles) character file.

278 Llamajah the Shield-Bearer (level 6, -2/49 HPs)
             Began as a Formicid Fighter on June 15, 2017.
             Was an Initiate of Okawaru.
             Slain by aesoa's ghost (8 damage)
             ... on level 4 of the Dungeon.
             The game lasted 00:10:00 (2237 turns).

Llamajah the Shield-Bearer (Formicid Fighter)       Turns: 2237, Time: 00:10:00

Health: -2/49      AC:  7    Str: 27    XL:     6   Next: 51%
Magic:  6/6        EV: 10    Int:  8    God:    Okawaru [......]
Gold:   145        SH:  0    Dex: 10    Spells: 5/5 levels left

rFire    . . .     SeeInvis +   a - +1 war axe
rCold    + . .     Gourm    .   c - +0 shield
rNeg     . . .     Faith    .   v - +0 ring mail (curse)
rPois    .         Spirit   .   (helmet unavailable)
rElec    .         Reflect  .   (no cloak)
rCorr    .         Harm     .   (no gloves)
MR       .....                  y - +0 pair of boots
Stlth    ..........             (no amulet)
Regen    0.2/turn               h - +5 ring of strength
MPRegen  0.1/turn               s - ring of protection from cold

@: confused
A: permanent stasis, dig shafts and tunnels, four strong arms, antennae 3
a: Dig, Shaft Self, Renounce Religion


You were on level 4 of the Dungeon.
You worshipped Okawaru.
Okawaru was noncommittal.
You were hungry.

You visited 1 branch of the dungeon, and saw 4 of its levels.

You collected 145 gold pieces.

Inventory:

Hand Weapons
 a - a +1 war axe (weapon)
 u - a +0 battleaxe
Armour
 b - a +0 scale mail
 c - a +0 shield (worn)
 v - a cursed +0 ring mail (worn)
 y - a +0 pair of boots (worn)
Jewellery
 h - a +5 ring of strength (left hand)
 i - an uncursed ring of stealth
 n - an uncursed ring of ice
 s - a ring of protection from cold (right hand)
Wands
 d - a wand of random effects (39/48)
Scrolls
 e - a scroll of amnesia
 g - 7 scrolls of teleportation
 j - 3 scrolls of recharging
 k - 4 scrolls of identify
 w - a scroll of enchant armour {unknown}
 x - a scroll of fog {unknown}
Potions
 o - 2 potions of curing
 q - 2 potions of magic {unknown}
 r - a potion of brilliance {unknown}
 t - a potion of agility {unknown}
Comestibles
 f - 2 bread rations
 l - a royal jelly
 m - 4 fruits
 p - a meat ration


   Skills:
 + Level 4.4 Fighting
 * Level 3.9 Axes
 + Level 4.1 Armour
 + Level 1.8 Dodging
 + Level 4.7 Shields


You had 5 spell levels left.
You didn't know any spells.

Dungeon Overview and Level Annotations

Branches:
Dungeon (4/15)
 Temple: D:4-7

Altars:
Okawaru
Trog
Vehumet
Yredelemnul

Annotations:
D:4 aesoa's ghost, novice OpMo


Innate Abilities, Weirdness & Mutations

You cannot be hasted, slowed, berserked, paralysed or teleported.
You can dig through walls and to a lower floor.
Your four strong arms can wield two-handed weapons with a shield.
You have a pair of large antennae on your head. (SInv)


Message History

You barely miss aesoa's ghost.
Aesoa's ghost is severely damaged.
Aesoa's ghost hits you!
* * * LOW HITPOINT WARNING * * *
You block aesoa's ghost's attack.
You closely miss aesoa's ghost.
Aesoa's ghost is severely damaged.
Aesoa's ghost hits you but does no damage.
You slash aesoa's ghost!
Aesoa's ghost is almost destroyed.
Aesoa's ghost closely misses you.
You closely miss aesoa's ghost.
Aesoa's ghost is almost destroyed.
Aesoa's ghost casts a spell at you.
You are confused.
Aesoa's ghost barely misses you.
You completely miss aesoa's ghost.
Aesoa's ghost is almost destroyed.
Aesoa's ghost hits you!
You die...

##########
#..@W...>##
#.#.......# #
#.####..##########
#.#...............
#.#.##..######...#
#.#.#.##..# #.....
#.........# ##...#
###.......# ##.##
#.###.### #.#


You could see aesoa's ghost.

Vanquished Creatures
  A bullfrog (D:3)
  Jessica (D:3)
  Natasha (twice) (D:2)
  Terence (D:3)
  Robin (D:2)
  An adder (D:2)
  An ooze (D:4)
  2 dart slugs
  A leopard gecko (D:1)
  4 orcs (D:3)
  A giant cockroach (D:2)
  15 goblins
  12 hobgoblins
  7 jackals (D:3)
  5 quokkas
  3 bats (D:2)
  8 frilled lizards
  2 gnoll zombies (D:3)
  6 kobolds
  6 rats
80 creatures vanquished.

Notes
Turn   | Place    | Note
-------+----------+-------------------------------------------
     0 | D:1      | Llamajah the Formicid Fighter began the quest for the Orb.
     0 | D:1      | Reached XP level 1. HP: 18/18 MP: 1/1
    93 | D:1      | Reached XP level 2. HP: 22/24 MP: 2/2
   441 | D:2      | Reached XP level 3. HP: 28/30 MP: 3/3
   625 | D:2      | Noticed Natasha
   631 | D:2      | Killed Natasha
   631 | D:2      | Reached skill level 1 in Dodging
   631 | D:2      | Reached XP level 4. HP: 30/37 MP: 4/4
   726 | D:2      | Noticed Robin
   756 | D:2      | Killed Robin
  1100 | D:2      | Noticed Natasha
  1107 | D:2      | Killed Natasha
  1107 | D:2      | Reached XP level 5. HP: 28/42 MP: 5/5
  1110 | D:2      | Found an iron altar of Okawaru.
  1211 | D:2      | Became a worshipper of Warmaster Okawaru
  1369 | D:3      | Noticed Terence
  1384 | D:3      | Killed Terence
  1529 | D:3      | Found a basalt altar of Yredelemnul.
  1567 | D:3      | Noticed a bullfrog
  1572 | D:3      | Killed a bullfrog
  1572 | D:3      | Reached XP level 6. HP: 49/49 MP: 6/6
  1720 | D:3      | Found a radiant altar of Vehumet.
  1918 | D:3      | Found a bloodstained altar of Trog.
  1918 | D:3      | Noticed Jessica
  1925 | D:3      | Killed Jessica
  2171 | D:4      | Noticed aesoa's ghost (novice OpMo)
  2237 | D:4      | Slain by aesoa's ghost

Skill      XL: |  1  2  3  4  5 |
---------------+----------------+-----
Dodging        | 1 |  1.8
Shields        | 4 |  4.7
Fighting       | 4 |  4.4
Axes           | 3 |  3.9
Armour         | 4 |  4.1

Action                   |  1- 3 |  4- 6 || total
-------------------------+-------+-------++-------
Melee: War axe           |    83 |   172 ||   255
  Use: Potion            |       |     1 ||     1
       Scroll            |       |     6 ||     6
  Eat: Chunk             |       |     4 ||     4
Armor: Scale mail        |    31 |    59 ||    90
       Ring mail         |       |    14 ||    14
Dodge: Dodged            |    37 |    68 ||   105
Block: Shield            |    45 |    90 ||   135
